AoeStats
← 啊超

Arena

505255270Analyzed
4v4 RM · 23d ago on Sep 8, 2026· 29m 14s· 8 players
Game mode
Random Map
Map size
Large (8 player)
Population
200
Speed
Normal
Resources
Standard
Victory
Conquest
Starting age
Dark Age
Ending age
Imperial Age
RankedLock teamsTeams togetherTeam positionsShared explorationLock speedFull tech treeHidden civsTurbo modeCheats
Victory
Defeat
🇨🇳 Turks · China
1224
+12
🇺🇸 Lithuanians · United States
1199
+13
🇨🇴 Teutons · Colombia
1164
+15
🇨🇳 Berbers · China
1036
+20
🇨🇳 Teutons · China
1159
-16
🇭🇰 Britons · Hong Kong SAR China
1153
-16
🇭🇰 Vietnamese · Hong Kong SAR China
1116
-14
🇨🇳 Cumans · China
1114
-14
西装老头
2:16 Loom
9:46 Feudal Age
16:08 Castle Age
14:38 Double-Bit Axe
20:55 Horse Collar
23:36 Stone Mining
25:11 Heavy Plow
28:10 Wheelbarrow
30:37 Imperial Age
27:53 Town Watch
28:12 Gold Mining
28:46 Bloodlines
29:08 Bow Saw
big niao
10:36 Feudal Age
10:57 Horse Collar
11:07 Double-Bit Axe
17:31 Stone Mining
22:24 Castle Age
21:10 Forging
21:07 Scale Barding Armor
22:21 Loom
23:52 Bloodlines
25:14 Gold Mining
27:52 Wheelbarrow
27:56 Gold Shaft Mining
28:20 Chain Barding Armor
29:56 Iron Casting
hin
9:57 Feudal Age
11:08 Loom
14:45 Castle Age
13:44 Double-Bit Axe
13:40 Horse Collar
14:36 Scale Barding Armor
16:26 Bow Saw
17:04 Bloodlines
16:47 Light Cavalry
24:40 Wheelbarrow
25:13 Heavy Plow
25:23 Gold Mining
26:53 Chain Barding Armor
27:39 Forging
Ncall
9:14 Feudal Age
13:41 Double-Bit Axe
21:00 Castle Age
19:09 Horse Collar
19:48 Fletching
20:12 Gold Mining
21:04 Crossbowman
25:37 Loom
Beller
10:49 Feudal Age
15:16 Castle Age
13:14 Double-Bit Axe
13:25 Horse Collar
16:17 Bow Saw
19:55 Wheelbarrow
21:51 Hand Cart
22:06 Scale Barding Armor
22:29 Forging
23:10 Bloodlines
23:01 Husbandry
24:28 Gold Mining
31:04 Imperial Age
29:54 Chain Barding Armor
30:10 Iron Casting
啊超
10:34 Feudal Age
16:06 Castle Age
14:17 Double-Bit Axe
14:13 Horse Collar
16:25 Loom
28:27 Imperial Age
26:52 Bow Saw
26:45 Heavy Plow
26:38 Fletching
27:08 Gold Mining
27:12 Stone Mining
27:28 Padded Archer Armor
30:28 Chemistry
29:24 Bodkin Arrow
Patroclo
9:22 Feudal Age
10:01 Stone Mining
10:30 Loom
10:55 Fletching
12:29 Town Watch
16:28 Double-Bit Axe
21:11 Wheelbarrow
23:41 Castle Age
25:18 Bow Saw
26:31 Hand Cart
26:04 Horse Collar
26:16 Gold Mining
27:02 Stone Shaft Mining
29:27 Gambesons
29:42 Squires
29:28 Arson
LY
0:28 Loom
11:20 Feudal Age
16:31 Castle Age
15:02 Stone Mining
15:21 Double-Bit Axe
15:54 Horse Collar
16:36 Gold Mining
19:09 Town Watch
25:17 Fletching
26:55 Bodkin Arrow
27:39 Squires
Connection lost

Rejoining the realm…

Still unreachable

The connection could not be restored.

Session expired

The server has moved on; the page needs a fresh start.